 Dungeon Crawl Stone Soup version 0.22-a0-430-g6609fc65db (webtiles) character file.

629 Manul the Slasher (level 7, -10/52 HPs)
             Began as a Demonspawn Gladiator on May 26, 2018.
             Mangled by an ogre
             ... wielding a +0 giant spiked club
              (31 damage)
             ... on level 5 of the Dungeon.
             The game lasted 00:04:52 (3245 turns).

Manul the Slasher (Demonspawn Gladiator)            Turns: 3245, Time: 00:04:53

Health: -10/52     AC: 10    Str: 15    XL:     7   Next: 23%
Magic:  0/7        EV: 12    Int: 13    God:
Gold:   326        SH:  5    Dex: 16    Spells: 6/6 levels left

rFire    + . .     SeeInvis .   a - +0 long sword
rCold    + . .     Gourm    .   q - +1 buckler {rF+}
rNeg     . . .     Faith    .   j - +0 ring mail
rPois    .         Spirit   +   c - +1 helmet
rElec    .         Reflect  .   u - scarf {Spirit}
rCorr    .         Harm     +   p - +0 pair of gloves
MR       .....                  (no boots)
Stlth    +.........             o - amulet of harm
HPRegen  0.17/turn              l - +4 ring of intelligence
MPRegen  0.10/turn              w - ring of protection from cold

@: hasted (expiring), very quick
A: molten scales 1, foul stench 1, rot immunity
a: no special abilities


You were on level 5 of the Dungeon.
You were not hungry.

You visited 1 branch of the dungeon, and saw 5 of its levels.

You collected 326 gold pieces.

Inventory:

Hand Weapons
 a - a +0 long sword (weapon)
Missiles
 d - 2 throwing nets (quivered)
Armour
 c - a +1 helmet (worn)
 j - a +0 ring mail (worn)
 p - a +0 pair of gloves (worn)
 q - a +1 buckler of fire resistance (worn)
 u - a scarf of spirit shield (worn)
Jewellery
 l - a +4 ring of intelligence (left hand)
 o - an amulet of harm (around neck)
 w - a ring of protection from cold (right hand)
Scrolls
 e - a scroll of enchant weapon {unknown}
 h - 2 scrolls of noise {unknown}
 k - 2 scrolls of enchant armour
Potions
 g - a potion of curing
 i - a potion of magic {unknown}
 m - a potion of flight {unknown}
 n - a potion of heal wounds {unknown}
 r - a potion of degeneration
 s - a potion of lignification
Comestibles
 f - 5 rations


   Skills:
 + Level 3.2 Fighting
 + Level 5.5 Long Blades
 + Level 1.7 Throwing
 + Level 2.7 Armour
 + Level 4.0 Dodging
 + Level 0.1 Stealth
 + Level 1.4 Shields


You had 6 spell levels left.
You didn't know any spells.
Your spell library contained the following spells:

 Spells                   Type           Power        Failure   Level  Hunger
 Apportation              Tloc           #.....       63%         1    ##.....
 Summon Small Mammal      Summ           #...         63%         1    ##.....
 Animate Skeleton         Necr           N/A          63%         1    ##.....
 Confusing Touch          Hex            #.....       63%         1    ##.....


Dungeon Overview and Level Annotations

Branches:
Dungeon (5/15)
 Temple: D:4-7

Altars:
Makhleb
Nemelex Xobeh
Okawaru
Qazlal
The Shining One


Innate Abilities, Weirdness & Mutations

You are partially covered in molten scales. (AC +2)
You may emit foul miasma when damaged in melee.
You are immune to rotting.


Message History

The ogre is heavily wounded.
The ogre struggles against the net.
Your shield and ring mail prevent you from hitting the ogre.
The ogre is heavily wounded.
The jackal stops to sniff the ground.
You hit the ogre but do no damage.
The ogre is heavily wounded.
Your extra speed is starting to run out.
The ogre struggles against the net.
The net rips apart, and the ogre comes free!
You slash the ogre!
The ogre is almost dead.
You block the ogre's attack.
You closely miss the ogre.
The ogre is almost dead.
You hit the ogre.
The ogre is almost dead.
The ogre hits you with a giant spiked club!!
Ouch! That really hurt!
You die...

#.......###.........
#.......# #.(.......
#.......# #.########
#.......# #.# #......o# #.#
#......†# #.# #.......# #.#
#......h###.#########
#.....ohoO@.........#
########o##.#######.#######
#.##.######.........
###.##.........######.
#)..........#..#
#.#(#######.#.##
#.#.#######.#.#
#.#.........#.#
#.###########.#


You could see an ogre, 3 orcs and 2 jackals.

Vanquished Creatures
  Edmund (D:4)
  The ghost of htuhola the Firebug, an amateur DEFE (D:3)
  A phantom (D:4)
  A scorpion (D:3)
  2 hounds (D:4)
  An iguana (D:5)
  A worker ant (D:4)
  A hound skeleton (D:4)
  7 adders
  A shadow imp (D:5)
  2 oozes
  An adder skeleton (D:4)
  A worm (D:3)
  2 dart slugs
  3 leopard geckos (D:4)
  2 orcs
  5 giant cockroaches
  10 goblins
  5 hobgoblins
  8 jackals
  2 quokkas
  8 bats
  A frilled lizard (D:2)
  6 kobolds
  5 rats
78 creatures vanquished.

Notes
Turn   | Place    | Note
-------+----------+-------------------------------------------
     0 | D:1      | Manul the Demonspawn Gladiator began the quest for the Orb.
     0 | D:1      | Reached XP level 1. HP: 16/16 MP: 1/1
   128 | D:1      | Reached skill level 3 in Long Blades
   176 | D:1      | Gained mutation: You are immune to rotting. [demonic ancestry]
   176 | D:1      | Reached XP level 2. HP: 22/22 MP: 2/2
   700 | D:2      | Found a sparkling altar of Nemelex Xobeh.
   740 | D:2      | Reached XP level 3. HP: 23/27 MP: 3/3
   986 | D:2      | Gained mutation: You may emit foul miasma when damaged in melee. [demonic ancestry]
   986 | D:2      | Reached XP level 4. HP: 34/34 MP: 4/4
  1006 | D:2      | Found a glowing golden altar of the Shining One.
  1435 | D:3      | Noticed htuhola's ghost (amateur DEFE)
  1442 | D:3      | Found an iron altar of Okawaru.
  1468 | D:3      | Found a burning altar of Makhleb.
  2026 | D:4      | Reached skill level 4 in Long Blades
  2026 | D:4      | Gained mutation: You are partially covered in molten scales. (AC +2) [demonic ancestry]
  2026 | D:4      | Reached XP level 5. HP: 27/39 MP: 5/5
  2035 | D:4      | Found a stormy altar of Qazlal.
  2387 | D:4      | Noticed a phantom
  2434 | D:4      | Killed a phantom
  2434 | D:4      | Reached skill level 1 in Armour
  2486 | D:4      | Noticed a hippogriff
  2499 | D:3      | Reached skill level 1 in Shields
  2499 | D:3      | Reached XP level 6. HP: 40/46 MP: 6/6
  2586 | D:4      | Noticed Edmund
  2609 | D:4      | Killed Edmund
  2788 | D:4      | Reached skill level 5 in Long Blades
  3071 | D:3      | Killed htuhola's ghost
  3071 | D:3      | Reached XP level 7. HP: 48/52 MP: 7/7
  3114 | D:5      | Entered Level 5 of the Dungeon
  3245 | D:5      | Mangled by an ogre

Vault maps used:
D:1:      dpeg_arrival_refuge, kennysheep_decorative_pillar
D:2:      lemuel_coloured_pillars_altar, lemuel_crystal_altar, first_ration,
          item_on_display_a
D:3:      old_standard_altar, kennysheep_okawaru_gauntlet
D:4:      minivault_19, grunt_qazlal_clouds, uniq_edmund

Skill      XL: |  1  2  3  4  5  6 |
---------------+-------------------+-----
Long Blades    | 3 4 5 |  5.5
Dodging        | 3 4 |  4.0
Armour         | 2 |  2.7
Shields        | 1 |  1.4
Fighting       | 3 |  3.2
Throwing       | |  1.7
Stealth        | |  0.1

Action                   |  1- 3 |  4- 6 |  7- 9 || total
-------------------------+-------+-------+-------++-------
Melee: Long sword        |   107 |   183 |    34 ||   324
Throw: Throwing net      |       |       |     1 ||     1
  Use: Scroll            |       |     8 |       ||     8
       Potion            |       |       |     2 ||     2
 Stab: Held in net/web   |       |       |     1 ||     1
  Eat: Chunk             |     1 |     3 |     1 ||     5
       Ration            |       |     1 |       ||     1
Armor: Ring mail         |    62 |    77 |     3 ||   142
       Leather armour    |     2 |       |       ||     2
Dodge: Dodged            |    73 |   108 |    17 ||   198
Block: Buckler           |    24 |    45 |     6 ||    75
       Rpst.: Long sword |    25 |    37 |     6 ||    68

Table legend:
 A = Spawn XP
 B = Non-spawn XP
 C = Spawn XP percentage of total XP
 D = Spawn monster count
 E = Non-spawn monster count
 F = Spawn count percentage of total count
 G = Total turns spent on level
                    A         B        C        D         E        F      G
               +---------+---------+-------+---------+---------+-------+---------
         Total |       0 |     899 |   0.0 |       0 |      78 |   0.0 |  3245
               +---------+---------+-------+---------+---------+-------+---------
           D:1 |       0 |      27 |   0.0 |       0 |      15 |   0.0 |   664
           D:2 |       0 |      80 |   0.0 |       0 |      20 |   0.0 |   457
           D:3 |       0 |     281 |   0.0 |       0 |      23 |   0.0 |  1042
           D:4 |       0 |     460 |   0.0 |       0 |      16 |   0.0 |   951
           D:5 |       0 |      51 |   0.0 |       0 |       4 |   0.0 |   131
               +---------+---------+-------+---------+---------+-------+---------
